 Dungeon Crawl Stone Soup version 0.27-a0-1200-g94dc6ad4cf (webtiles) character file.

Game seed: 3413808115830822163

4 freelancePsychic the Skirmisher (level 1, 0/18 HPs)
             Began as a Demonspawn Abyssal Knight on May 31, 2021.
             Was a Follower of Lugonu.
             Slain by a ball python (1 damage)
             ... on level 1 of the Dungeon.
             The game lasted 00:01:27 (176 turns).

freelancePsychic the Skirmisher (DsAK)               Turns: 176, Time: 00:01:27

Health: 0/18       AC:  3    Str: 12    XL:     1   Next: 58%
Magic:  2/2        EV: 11    Int: 13    God:    Lugonu [*.....]
Gold:   0          SH:  0    Dex: 12    Spells: 0/0 levels left

rFire    . . .     SeeInvis .   a - +1 mace
rCold    . . .     Faith    .   (no shield)
rNeg     . . .     Spirit   .   b - +0 leather armour
rPois    .         Reflect  .   (no helmet)
rElec    .         Harm     .   (no cloak)
rCorr    .         Rampage  .   (no gloves)
Will     .....                  (no boots)
Stlth    +.........             (no amulet)
HPRegen  0.06/turn              (no ring)
MPRegen  0.08/turn              (no ring)

@: no status effects
A: no striking features
a: Renounce Religion, Depart the Abyss


You were on level 1 of the Dungeon.
You worshipped Lugonu.
Lugonu was aware of your devotion.
You visited 1 branch of the dungeon, and saw 1 of its levels.
You visited the Abyss 1 time.

Inventory:

Hand Weapons
 a - a +1 mace (weapon)
Armour
 b - a +0 leather armour (worn)


   Skills:
 - Level 3.0 Fighting
 + Level 2.0 Maces & Flails
 - Level 1.7 Armour
 - Level 0.8 Dodging
 + Level 2.8 Invocations


You couldn't memorise any spells.
You didn't know any spells.
Your spell library was empty.

Dungeon Overview and Level Annotations

Branches:
Dungeon (1/15)

Altars:


Message History

You barely miss the ball python. The ball python misses you.
The ball python closely misses you. x2; The ball python grabs you.
The ball python constricts you.
You barely miss the ball python. The ball python bites you.
The ball python constricts you.
You escape the ball python's grasp.
You barely miss the ball python. The ball python bites you.
The ball python grabs you. The ball python constricts you.
You hit the ball python.
The ball python is moderately wounded.
The ball python bites you. The ball python constricts you.
The ball python bites you.
* * * LOW HITPOINT WARNING * * *
The ball python constricts you.
You escape the ball python's grasp.
You hit the ball python.
The ball python is heavily wounded.
The ball python bites you but does no damage.
The ball python barely misses you.
You sock the ball python!
You kill the ball python!
Lugonu accepts your kill.
Your Maces & Flails skill increases to level 2!
You see here 25 bolts.
You closely miss the goblin. The goblin hits you but does no damage.
The goblin hits you with a +0 dagger.
* * * LOW HITPOINT WARNING * * *
As you open the door, it creaks loudly!
You hear a shout!
There is an open door here.
A goblin comes into view. It is wielding a +0 club.
The goblin shouts!
A ball python comes into view.
The goblin completely misses you. As you open the door, it creaks loudly!
The ball python hisses angrily.
The goblin barely misses you. The goblin hits you with a +0 club.
* * * LOW HITPOINT WARNING * * *
Found a bubbling green potion and 14 gold pieces.
There is an open door here.
The ball python bites you.
You die...

..............#.#
.....##.####.## ........#
#†# #.......# #.#
#...##.. #.# ... ..
####'#### #.# ##PP#.#PP##
#.#####.# ##P≈≈#.#..P#
#......@# ##P≈≈≈#.#.P.P
######S## #P≈≈≈≈#.#...P
!......g.####P≈≈≈≈#(#...P
$........J..#######.#####
.........##.'......<.....
.........##########.#####
.........# #PP...#.#≈≈≈≈
.........# #PP...#.#≈≈≈≈
.........# ##PPP.#.#≈≈≈P


You could see a goblin and a ball python.

Vanquished Creatures
  A bat (D:1)
  A quokka (D:1)
  2 ball pythons (D:1)
4 creatures vanquished.

Notes
Turn   | Place    | Note
-------+----------+-------------------------------------------
     0 | Abyss:1  | freelancePsychic the Demonspawn Abyssal Knight began the
                  | quest for the Orb.
     0 | Abyss:1  | Reached XP level 1. HP: 18/18 MP: 2/2
    17 | D:1      | Escaped the Abyss
   176 | D:1      | Slain by a ball python

Illustrated notes

Levels and vault maps discovered:
D:1:      psy_arrival_terrarium, layout_basic, lexackson_kobold_supper

Skill      XL: |  1 |
---------------+----+-----
Maces & Flails | 2 |  2.0
Fighting       | |  3.0
Armour         | |  1.7
Dodging        | |  0.8
Invocations    | |  2.8

Action                   || total
-------------------------++-------
Melee: Mace              ||    27
Armor: Leather armour    ||    15
Dodge: Dodged            ||    32

Table legend: (Time is in decaauts)
 A = Elapsed time spent in this place.
 B = Non-inter-level travel time spent in this place.
 C = Inter-level travel time spent in this place.
 D = Time resting spent in this place.
 E = Time spent auto-exploring this place.
 F = Levels seen in this place.
 G = Mean time per level.
                   A        B        C        D        E       F      G
               +--------+--------+--------+--------+--------+-----+--------+
         Total |    184 |    184 |      0 |     77 |     17 |   2 |   92.0 |
       Dungeon |    167 |    167 |      0 |     77 |     11 |   1 |  167.0 |
         Abyss |     17 |     17 |      0 |      0 |      6 |   1 |   17.0 |
               +--------+--------+--------+--------+--------+-----+--------+

Top non-repeatable levels by time:
     D:1: 167 daAuts
 Abyss:1: 17 daAuts
